Map: Interloper LE

Players

Pain - Winner!

  • Race: Protoss Protoss
  • Spawn Location: 11:00

A.I. 1 (Easy)

  • Race: Terran Terran
  • Spawn Location: 5:00

VOD

Have the link to the VOD?

Description

Time

  • Played on: Sept. 8, 2017, 9:01 p.m.
  • Length: 18:20
Show
View Real Time Build Order
Export as new Build Order

Pain Protoss - Winner!

Build Orders:  

Get SALT Encoding   

  12  0:11  Pylon  
  12  0:18  Probe (Chrono Boost)  
  13  0:31  Gateway  
  13  0:35  Probe (Chrono Boost)  
  14  0:49  Pylon  
  15  0:50  Probe (Chrono Boost)  
  15  1:15  Gateway  
  15  1:24  Probe (Chrono Boost)  
  16  1:34  Probe (Chrono Boost), Cybernetics Core  
  16  1:37  Assimilator  
  17  1:45  Probe (Chrono Boost)  
  18  2:23  Probe (Chrono Boost)  
  18  2:39  Assimilator  
  18  2:40  Probe (Chrono Boost)  
  18  2:43  Warp Gate  
  19  2:50  Probe (Chrono Boost)  
  20  2:54  Pylon  
  20  2:59  Forge  
  20  3:06  Pylon  
  20  3:27  Robotics Facility  
  20  3:36  Photon Cannon  
  20  3:54  Pylon  
  20  3:57  Probe (Chrono Boost)  
  21  4:07  Probe (Chrono Boost)  
  22  4:18  Mothership Core (Chrono Boost)  
  24  4:38  Robotics Bay  
  24  4:50  Observer  
  25  5:01  Probe (Chrono Boost), Pylon  
  26  5:10  Warp Prism  
  26  5:12  Probe (Chrono Boost)  
  29  5:26  Pylon  
  29  5:27  Stalker  
  31  5:33  Stalker  
  33  5:46  Warp Prism  
  35  6:06  Stalker  
  35  6:08  Stalker  
  39  6:21  Colossus  
  45  7:09  Nexus  
  45  7:26  Sentry  
  45  7:27  Sentry  
  49  7:39  Pylon  
  41  8:09  Sentry  
  41  8:25  Stalker  
  43  8:39  Probe (Chrono Boost)  
  44  8:49  Probe (Chrono Boost)  
  45  9:00  Probe (Chrono Boost)  
  46  9:10  Probe (Chrono Boost)  
  46  9:11  Stalker  
  46  9:12  Stalker  
  46  9:16  Probe (Chrono Boost)  
  52  9:21  Probe (Chrono Boost)  
  53  9:27  Probe (Chrono Boost)  
  54  9:33  Protoss Ground Weapons Level 1  
  54  9:38  Stalker  
  56  9:39  Stalker  
  57  10:04  Pylon  
  57  10:07  Pylon  
  57  10:15  Pylon  
  57  10:20  Photon Cannon  
  57  10:28  Photon Cannon  
  57  10:40  Colossus  
  63  10:48  Stalker  
  63  10:49  Stalker  
  67  11:00  Gateway  
  67  11:07  Gateway  
  67  11:08  Assimilator  
  67  11:20  Stalker  
  67  11:21  Stalker  
  71  11:28  Protoss Ground Armor Level 1  
  71  11:33  Colossus  
  77  11:53  Stalker x2  
  67  12:52  Stalker x2  
  71  13:21  Pylon  
  71  13:22  Protoss Shields Level 1  
  71  13:24  Stalker x2  
  71  13:25  Stalker  
  71  13:26  Stalker  
  79  13:50  Stalker  
  79  13:55  Stalker  
  83  13:57  Stalker  
  83  13:58  Stalker  
  87  14:22  Pylon  
  87  14:26  Assimilator  
  87  14:38  Stalker, Photon Cannon  
  87  14:39  Stalker x2  
  87  14:40  Stalker  
  95  15:14  Twilight Council  
  91  15:59  Stalker  
  91  16:00  Stalker x3  
  99  16:27  Stalker  
  99  16:28  Stalker  
  99  16:29  Stalker x2  
  107  16:51  Pylon  
  105  17:53  Pylon  
  105  17:56  Photon Cannon  
Show
View Real Time Build Order
Export as new Build Order

A.I. 1 (Easy) Terran 

Build Orders:  

Get SALT Encoding   

  12  0:00  SCV  
  13  0:13  SCV  
  14  0:19  Supply Depot  
  14  0:25  SCV  
  15  0:40  SCV  
  16  0:43  Barracks  
  16  0:46  Refinery  
  16  1:11  Supply Depot  
  16  1:21  Refinery  
  16  1:31  Marine  
  16  1:32  Orbital Command  
  17  1:50  Barracks Tech Lab  
  17  2:08  Marine  
  17  2:13  Supply Depot  
  18  2:15  SCV  
  19  2:28  SCV  
  20  2:34  Marine  
  21  2:40  SCV  
  22  2:52  SCV  
  23  2:59  Marine  
  23  3:04  SCV  
  25  3:16  SCV  
  26  3:26  Marauder  
  28  3:51  Marauder  
  30  4:17  Marauder  
  32  7:05  Marine  
  33  7:08  Factory  
  33  7:10  Supply Depot  
  33  7:15  Command Center  
  33  7:23  Marine  
  34  7:41  Marine  
  34  7:53  Starport  
  32  7:59  Marine  
  26  8:17  Marine  
  27  8:27  SCV  
  27  8:32  SCV  
  29  8:34  Marine  
  29  8:35  Refinery  
  29  8:36  Starport Tech Lab  
  29  8:39  SCV  
  29  8:40  Refinery  
  31  8:44  SCV  
  32  8:52  SCV  
  32  8:53  Marauder  
  32  8:54  Raven  
  37  8:56  SCV  
  38  9:04  SCV  
  38  9:08  SCV  
  40  9:14  Marine  
  40  9:16  SCV  
  42  9:20  SCV  
  43  9:28  SCV  
  44  9:32  Marauder, SCV  
  44  9:37  Raven  
  49  9:40  SCV  
  49  9:44  SCV  
  51  9:52  SCV  
  52  9:53  Marauder  
  52  9:56  SCV  
  52  9:58  Supply Depot  
  55  10:04  SCV  
  56  10:08  SCV  
  57  10:14  Marine  
  57  10:16  SCV  
  57  10:20  SCV  
  60  12:09  Marauder, Medivac  
  60  12:11  Supply Depot  
  60  12:13  Engineering Bay  
  63  12:20  Command Center  
  56  12:31  Marauder  
  53  12:39  Medivac  
  53  12:41  Terran Infantry Weapons Level 1  
  53  12:52  Marauder  
  55  13:08  Raven  
  57  13:13  Marine  
  58  13:31  Marine  
  58  13:32  SCV  
  60  13:37  SCV  
  62  13:41  SCV  
  62  13:44  Refinery  
  62  13:45  SCV  
  62  13:47  Refinery  
  63  13:49  Marine  
  63  13:50  SCV  
  63  13:54  SCV  
  66  13:58  SCV  
  67  14:03  SCV  
  67  14:07  Marauder, SCV  
  71  14:28  Marine  
  72  14:36  Terran Infantry Armor Level 1  
  72  14:46  Marine  
  73  15:03  Marine  
  74  15:21  Marine  
  65  15:33  Medivac  
  59  15:39  Marine  
  59  15:47  SCV  
  59  15:48  Hellion  
  47  15:55  SCV  
  42  15:57  Marine  
  42  16:00  SCV  
  42  16:03  Medivac  
  45  16:08  SCV  
  44  16:12  SCV  
  44  16:16  Marauder  
  47  16:20  SCV  
  44  16:28  SCV  
  39  16:33  SCV, Raven, Command Center  
  39  16:37  Marauder  
  40  16:40  SCV  
  40  16:43  Refinery  
  31  17:20  Supply Depot  
  30  17:27  Refinery  
  30  17:29  Supply Depot  
  30  17:35  Command Center, Barracks  
  28  17:46  SCV  
  28  17:51  SCV  
  11  17:52  Engineering Bay  
  11  17:54  Supply Depot  
Tags
 
Matchup
PvT
Replay Pack
RP
Spawn Locations
Cross Positions
Add a new tag
Caveats
  • Supply blocks, unpowered buildings, or Contaminate may cause inaccurate times.
  • Supply counts are checked every 10 seconds.